 Dungeon Crawl Stone Soup version 0.23.1-37-gaa34b87 (webtiles) character file.

Game seed: 17741263895839491614

189 vishdafish the Charlatan (level 5, -6/36 HPs)
             Began as an Octopode Transmuter on Mar 20, 2019.
             Killed from afar by an orc wizard (8 damage)
             ... with a puff of flame
             ... on level 3 of the Dungeon.
             The game lasted 00:04:15 (1837 turns).

vishdafish the Charlatan (Octopode Transmuter)      Turns: 1837, Time: 00:04:16

Health: -6/36      AC:  1    Str: 10    XL:     5   Next: 68%
Magic:  8/9        EV: 13    Int: 15    God:
Gold:   79         SH:  0    Dex: 13    Spells: 5/8 levels left

rFire    . . .     SeeInvis .     - Unarmed
rCold    + . .     Gourm    .   (no shield)
rNeg     . . .     Faith    .   (helmet restricted)
rPois    +         Spirit   .   (no amulet)
rElec    .         Reflect  .   i - ring of resist corrosion
rCorr    +         Harm     .   n - ring of protection from cold
MR       .....                  (no ring)
Stlth    ++........             (no ring)
HPRegen  0.12/turn              (no ring)
MPRegen  0.11/turn              (no ring)
                                (no ring)
                                (no ring)

@: no status effects
A: almost no armour, stealthy swim, amphibious, 8 rings, constrict 8, camouflage
1, high mp 1, poison resistance, gelatinous body 1
a: no special abilities


You were on level 3 of the Dungeon.
You were very hungry.

You visited 1 branch of the dungeon, and saw 3 of its levels.

You collected 79 gold pieces.

Inventory:

Missiles
 a - 117 arrows
Jewellery
 i - a ring of resist corrosion (left tentacle)
 n - a ring of protection from cold (right tentacle)
Wands
 j - a wand of acid (9)
 q - a wand of paralysis (7)
Scrolls
 d - a scroll of fog {unknown}
 f - a scroll of amnesia {unknown}
 g - a scroll of enchant weapon {unknown}
 h - 2 scrolls of remove curse {unknown}
 k - a scroll of teleportation {unknown}
 l - a scroll of immolation {unknown}
 m - 2 scrolls of identify {unknown}
 r - a scroll of enchant armour {unknown}
Potions
 b - a potion of might {unknown}
 e - a potion of brilliance {unknown}
 o - a potion of curing {unknown}
 p - a potion of agility {unknown}
 s - a potion of mutation
Comestibles
 c - 2 rations


   Skills:
 - Level 3.2 Fighting
 - Level 2.0 Dodging
 - Level 3.3 Unarmed Combat
 - Level 2.3 Spellcasting
 - Level 2.5 Transmutations
 * Level 3.4 Evocations


You had 5 spell levels left.
You knew the following spells:

 Your Spells              Type           Power        Failure   Level  Hunger
a - Beastly Appendage     Tmut           #.....       8%          1    #......
b - Sticks to Snakes      Tmut           #.......     12%         2    ###....

Your spell library contained the following spells:

 Spells                   Type           Power        Failure   Level  Hunger
 Spider Form              Tmut/Pois      #.........   36%         3    ###....
 Ice Form                 Ice/Tmut       #.......     77%         4    #####..
 Blade Hands              Tmut           #.........   91%         5    ######.


Dungeon Overview and Level Annotations

Branches:
Dungeon (3/15)

Altars:
Trog
Wu Jian
The Shining One


Innate Abilities, Weirdness & Mutations

You cannot wear most types of armour.
You are very stealthy in the water. (Stealth+)
You are amphibious.
You can wear up to eight rings at the same time.
You can use your tentacles to constrict eight enemies at once.
Your skin changes colour to match your surroundings (Stealth+).
Your rubbery body absorbs attacks. (AC +1, EV +1)
You have an increased reservoir of magic. (+10% MP)
Your system is resistant to poisons. (rPois)


Message History

You miss something. Something hits you but does no damage.
You tentacle-slap something but do no damage.
Your tentacle spike misses something.
Something hits you.
* * * LOW HITPOINT WARNING * * *
Okay, then.
You miss something.
Your tentacle spike misses something.
Something hits you.
* * * LOW HITPOINT WARNING * * *
You tentacle-slap something but do no damage.
Your squeeze misses something.
Your tentacle spike disappears.
You hear some strange, mumbled words.
A magic dart appears from out of thin air!
The magic dart hits you.
* * * LOW HITPOINT WARNING * * *
It was a potion of mutation.
You feel extremely strange.
You feel more energetic.
You feel resistant to poisons.
You hear some strange, mumbled words.
A puff of flame appears from out of thin air!
The puff of flame hits you!
You die...

#.# .# ### ####.#
.# ... ..##.# <#
#.# #.##.##.# ##...
#.##.#..
##....#####.##.#.#
..._......#.##.#.##
#....##{#.........#
#..
#@########..######
#
#.#...............
..#.######..##.###
####.# #..####
#.#.# #.##
#.####.#.######.#
................#
#.####>.########.
#.......# .


There were no monsters in sight!

Vanquished Creatures
  A crimson imp (D:3)
  An orc wizard (D:3)
  5 adders (D:2)
  4 oozes
  3 worms (D:2)
  3 dart slugs
  2 leopard geckos (D:2)
  2 orcs (D:3)
  2 bats
  4 giant cockroaches
  4 goblins
  5 hobgoblins
  7 jackals (D:1)
  2 quokkas (D:2)
  A frilled lizard (D:2)
  2 kobolds (D:2)
  2 rats
50 creatures vanquished.

Notes
Turn   | Place    | Note
-------+----------+-------------------------------------------
     0 | D:1      | vishdafish the Octopode Transmuter began the quest for the
                  | Orb.
     0 | D:1      | Reached XP level 1. HP: 13/13 MP: 3/3
    89 | D:1      | Reached XP level 2. HP: 10/18 MP: 5/5
   435 | D:1      | Learned a level 2 spell: Sticks to Snakes
   497 | D:1      | Reached XP level 3. HP: 8/23 MP: 4/6
   867 | D:2      | Found a glowing golden altar of the Shining One.
   965 | D:2      | Reached XP level 4. HP: 9/30 MP: 5/7
  1179 | D:2      | Found a faded altar of an unknown god.
  1433 | D:2      | Reached skill level 1 in Evocations
  1631 | D:2      | Reached XP level 5. HP: 36/36 MP: 8/8
  1709 | D:3      | Found a bloodstained altar of Trog.
  1811 | D:3      | Found an ornate altar of the Wu Jian Council.
  1836 | D:3      | HP: 1/36 [something/magic dart (5)]
  1837 | D:3      | Gained mutation: You have an increased reservoir of magic.
                  | (+10% MP) [potion of mutation]
  1837 | D:3      | Gained mutation: Your system is resistant to poisons.
                  | (rPois) [potion of mutation]
  1837 | D:3      | Killed from afar by an orc wizard

Skill      XL: |  1  2  3  4  5 |
---------------+----------------+-----
Fighting       | 2 3 |  3.2
Evocations     | 1 3 |  3.4
Dodging        | |  2.0
Unarmed Combat | |  3.3
Spellcasting   | |  2.3
Transmutations | |  2.5

Action                   |  1- 3 |  4- 6 || total
-------------------------+-------+-------++-------
Melee: Unarmed           |    75 |    67 ||   142
       Constrict         |    17 |    13 ||    30
       Tentacles         |    10 |    10 ||    20
       Kick              |     8 |     5 ||    13
       Punch             |     2 |     1 ||     3
 Cast: Beastly Appendage |     4 |     1 ||     5
  Use: Potion            |       |     1 ||     1
 Stab: Sleeping          |     5 |     9 ||    14
  Eat: Chunk             |       |     2 ||     2
Armor: Skin              |     5 |     5 ||    10
Dodge: Dodged            |    42 |    27 ||    69
